Map: NeoHumanity LE

Players

ferret - Winner!

  • Race: Terran Terran
  • League: Diamond
  • Spawn Location: 5:00

Rene

  • Race: Zerg Zerg
  • League: Diamond
  • Spawn Location: 11:00

VOD

Have the link to the VOD?

Description

Time

  • Played on: April 29, 2023, 5:36 a.m.
  • Length: 18:00
Show
View Real Time Build Order
Export as new Build Order

ferret Terran - Winner!

Build Orders:  

Get SALT Encoding   

  12  0:00  SCV  
  13  0:12  SCV  
  14  0:17  Supply Depot  
  14  0:24  SCV  
  15  0:38  SCV  
  15  0:39  Barracks  
  16  0:45  Refinery  
  16  0:50  SCV  
  17  1:03  SCV  
  18  1:15  SCV  
  19  1:26  Marine  
  19  1:27  Orbital Command  
  20  1:40  Command Center  
  21  1:50  Barracks Reactor  
  21  1:51  Supply Depot  
  20  1:55  SCV  
  21  2:07  Factory  
  21  2:08  SCV  
  22  2:20  SCV  
  22  2:21  Refinery  
  23  2:27  Marine x2  
  25  2:33  SCV  
  26  2:37  Barracks  
  26  2:45  SCV  
  27  2:57  SCV  
  28  2:59  Orbital Command  
  28  3:01  Barracks Tech Lab  
  28  3:05  Hellion  
  30  3:07  Hellion  
  30  3:09  SCV  
  33  3:22  SCV  
  33  3:24  SCV  
  33  3:26  Starport  
  36  3:34  SCV  
  36  3:37  Factory Reactor, Marine x3  
  36  3:38  Stimpack  
  36  3:40  SCV  
  40  3:47  SCV  
  41  3:51  Supply Depot  
  41  3:52  SCV  
  42  3:59  SCV  
  42  4:01  Marine  
  42  4:02  Marine x2  
  46  4:10  Supply Depot  
  46  4:13  SCV, Engineering Bay  
  47  4:19  Marine x2  
  47  4:22  SCV  
  47  4:24  Medivac x2, Factory Tech Lab  
  54  4:31  Marine  
  54  4:33  Supply Depot  
  54  4:35  Supply Depot  
  54  4:36  SCV x2  
  54  4:37  Engineering Bay  
  57  4:41  Marine x2  
  59  4:48  SCV x2  
  59  4:57  Terran Infantry Weapons Level 1  
  59  5:06  SCV x2  
  61  5:07  Marine x3  
  61  5:09  Medivac x2  
  61  5:13  Command Center  
  68  5:18  SCV, Siege Tank  
  68  5:20  Refinery  
  72  5:22  Refinery  
  70  5:41  Marine  
  70  5:42  Marine x2  
  73  5:49  SCV x2  
  75  5:50  Siege Tank  
  78  6:03  Barracks  
  78  6:09  SCV x2, Marine x3  
  78  6:10  Supply Depot  
  83  6:12  Supply Depot  
  83  6:13  Supply Depot  
  83  6:14  Supply Depot  
  83  6:15  Terran Infantry Armor Level 1  
  83  6:16  Barracks  
  83  6:20  Barracks  
  83  6:21  SCV x2  
  83  6:24  Siege Tank  
  88  6:33  SCV x2  
  90  6:45  SCV x2  
  92  6:52  Barracks Tech Lab  
  92  6:53  Orbital Command  
  90  6:56  Marine x3  
  90  6:58  SCV x2, Combat Shield  
  90  7:01  Liberator x2  
  95  7:05  Siege Tank  
  104  7:09  Barracks Tech Lab  
  104  7:11  Barracks Reactor  
  104  7:13  Marine  
  104  7:14  SCV  
  104  7:15  SCV  
  106  7:26  SCV  
  106  7:27  SCV  
  106  7:28  Orbital Command  
  108  7:35  Marine, Marauder x2  
  108  7:36  Marine, Marauder  
  116  7:39  SCV x2  
  116  7:44  Armory  
  118  7:58  SCV  
  118  7:59  SCV x2  
  118  8:02  Marine x2, Marauder  
  118  8:03  Marine x2, Marauder x2  
  131  8:08  Command Center  
  131  8:09  Supply Depot  
  125  8:20  Siege Tank  
  121  8:45  Marine x3  
  121  8:46  Marine, Marauder x3  
  111  8:59  SCV x3  
  114  9:03  Marine x4  
  114  9:07  Marauder x3  
  124  9:11  SCV, Siege Tank  
  128  9:21  Marine x4  
  132  9:29  Marauder x3  
  138  9:34  SCV x3  
  141  9:39  Marine  
  141  9:43  Siege Tank  
  130  9:46  Marine x3  
  130  9:47  Command Center  
  130  9:48  Terran Infantry Weapons Level 2, Terran Infantry Armor Level 2  
  130  9:50  Marauder x3  
  139  9:56  Marine  
  140  10:00  Command Center, Terran Vehicle Weapons Level 1  
  140  10:04  Marine  
  140  10:05  Refinery  
  137  10:11  Marauder x2  
  127  10:16  Marine  
  127  10:17  Marine x2, Marauder  
  127  10:18  Concussive Shells  
  124  10:22  Medivac, Siege Tank, Marine  
  124  10:23  Medivac  
  124  10:33  SCV, Marauder x2  
  124  10:34  SCV, Marine x2  
  132  10:38  Marauder  
  132  10:39  Refinery  
  132  10:41  SCV  
  132  10:42  Planetary Fortress  
  135  10:44  Marine  
  135  10:45  SCV, Marine  
  135  10:46  SCV  
  139  10:52  Liberator, Marine x2  
  139  10:54  Siege Tank, Marauder x2  
  151  11:00  Marauder  
  151  11:02  Marine  
  118  11:12  Marine x2  
  118  11:13  Marine  
  118  11:14  SCV  
  118  11:15  Marauder  
  118  11:16  Marauder  
  126  11:21  Marauder  
  126  11:23  Barracks x2  
  126  11:25  Barracks  
  128  11:26  SCV x2, Siege Tank  
  128  11:30  SCV  
  128  11:31  SCV  
  135  11:33  Marine  
  135  11:34  Marine x3  
  135  11:36  Liberator x2  
  135  11:37  Marauder x2  
  135  11:38  SCV x2  
  151  11:42  Marauder  
  153  11:49  SCV  
  153  11:50  SCV  
  153  11:51  Marine x2, Fusion Core  
  157  11:57  SCV  
  157  11:58  Siege Tank, Marauder  
  157  12:00  SCV  
  157  12:01  Planetary Fortress  
  161  12:17  Marine x3  
  161  12:18  Marine, Marauder x2  
  161  12:20  Marauder  
  161  12:21  Barracks Reactor  
  161  12:22  Barracks Tech Lab  
  154  12:23  Barracks Tech Lab  
  154  12:30  Siege Tank  
  154  12:35  Marine x4  
  161  12:39  Marauder x2  
  161  12:41  Marauder  
  167  12:48  Marine, Marauder  
  166  12:53  SCV x3, Marine x4  
  166  12:56  Planetary Fortress  
  170  13:00  Supply Depot  
  170  13:01  Marauder x2  
  170  13:02  Supply Depot, Marauder  
  176  13:06  SCV x3, Marauder  
  176  13:07  SCV x2  
  176  13:10  Marauder  
  185  13:15  Marine x6  
  185  13:18  Advanced Ballistics  
  191  13:20  Liberator  
  191  13:22  Marauder x2  
  191  13:24  Armory, Marauder  
  200  13:27  Terran Vehicle Weapons Level 2  
  200  13:29  Liberator  
  200  13:32  Marine  
  200  13:33  Marine x4  
  197  13:41  Refinery  
  197  13:44  Refinery x2  
  197  13:45  Widow Mine  
  169  14:04  Marine x2  
  169  14:05  Marine, Marauder x3  
  169  14:06  Marine x3  
  169  14:07  Marauder  
  169  14:08  Refinery  
  169  14:09  Medivac  
  185  14:10  Marauder  
  185  14:12  Medivac  
  189  14:21  Siege Tank  
  189  14:22  Marine x3  
  189  14:23  Marine  
  189  14:24  Marine x2  
  197  14:26  Marauder  
  197  14:30  Command Center  
  192  14:31  Marauder  
  192  14:33  SCV x2  
  192  14:34  Command Center, Marine  
  192  14:35  Marine, Marauder  
  198  14:40  Marine x2  
  198  14:41  Command Center  
  198  14:42  Medivac  
  198  14:43  Marine  
  198  14:44  Marine  
  198  14:45  Terran Infantry Weapons Level 3, Terran Infantry Armor Level 3  
  180  15:08  Medivac  
  180  15:09  Marine x6, Marauder x2  
  180  15:10  Marauder x3  
  180  15:12  Medivac  
  193  16:01  Marauder  
  193  16:02  Marine x6, Marauder x2  
  193  16:03  Marauder x2  
  198  16:09  Siege Tank  
  198  16:10  Medivac  
  199  16:19  Marine  
  199  16:24  Marauder  
  196  16:28  Marine x2  
  196  16:29  Marine x3, Marauder x4  
  196  16:32  Medivac  
  167  16:37  Marine  
  149  16:40  Medivac, Missile Turret  
  149  16:41  Siege Tank  
  149  16:42  Missile Turret  
  149  16:44  Missile Turret  
  149  16:45  Marauder  
  149  16:46  Marine x3  
  149  16:47  Marine, Missile Turret  
  159  16:48  Marine  
  159  16:50  Marauder x2  
  159  16:51  Marauder x2  
  169  16:55  Marine  
  169  17:00  Unknown  
  170  17:02  Medivac  
  170  17:04  Marine x4  
  170  17:06  Marauder  
  170  17:07  Marine  
  179  17:08  Missile Turret  
  179  17:10  Medivac  
  179  17:12  Marauder x4, Missile Turret  
  179  17:13  Marine  
  189  17:19  Missile Turret  
  189  17:21  Missile Turret  
  189  17:22  Marine x4  
  183  17:24  Marine  
  183  17:28  Marauder  
  190  17:31  Marine  
  190  17:33  Marauder x3  
  190  17:34  Marauder  
  199  17:39  Marine, Missile Turret  
  199  17:40  Missile Turret  
  200  17:45  Missile Turret  
  200  17:46  Missile Turret  
Show
View Real Time Build Order
Export as new Build Order

Rene Zerg 

Build Orders: Hatch First 

Get SALT Encoding   

  12  0:00  Drone  
  13  0:13  Overlord  
  13  0:17  Drone  
  14  0:31  Drone x2  
  16  0:50  Hatchery, Drone  
  16  0:54  Drone  
  17  0:57  Drone  
  18  1:08  Extractor  
  17  1:13  Spawning Pool  
  17  1:16  Drone  
  17  1:20  Drone  
  18  1:28  Drone  
  19  1:40  Drone  
  20  1:51  Overlord  
  20  2:00  Queen  
  22  2:04  Queen  
  22  2:05  Roach Warren  
  22  2:08  Drone  
  24  2:14  Drone  
  25  2:16  Drone  
  25  2:18  Drone  
  25  2:22  Drone  
  28  2:28  Metabolic Boost  
  28  2:30  Drone  
  29  2:51  Drone x2  
  29  2:53  Hatchery  
  30  3:00  Overlord, Drone  
  31  3:06  Drone x2  
  31  3:07  Drone  
  34  3:28  Overlord, Drone x2  
  34  3:29  Drone x3  
  39  3:36  Lair  
  39  3:37  Baneling Nest  
  38  3:45  Queen  
  38  3:46  Drone x2  
  38  3:47  Drone  
  43  3:50  Extractor  
  43  3:51  Roach  
  43  3:52  Roach  
  44  4:07  Queen  
  44  4:09  Roach x3  
  52  4:17  Drone  
  52  4:21  Evolution Chamber x2, Drone x2  
  52  4:22  Drone x2  
  55  4:34  Glial Reconstitution  
  55  4:36  Drone x3  
  58  4:39  Extractor  
  57  5:01  Overlord  
  57  5:04  Zerg Missile Weapons Level 1  
  57  5:06  Zerg Ground Armor Level 1  
  57  5:12  Overlord, Drone  
  58  5:17  Overseer  
  58  5:22  Roach x3  
  58  5:23  Zergling x2  
  58  5:24  Zergling x2  
  66  5:34  Roach x3  
  72  5:40  Overlord x2  
  72  5:47  Roach  
  74  5:54  Overlord x2  
  74  5:59  Hydralisk Den  
  74  6:01  Drone  
  74  6:02  Drone x9  
  83  6:20  Hatchery  
  83  6:24  Drone  
  83  6:25  Drone x4  
  87  6:26  Roach x4  
  87  6:30  Spore Crawler  
  87  6:32  Spine Crawler  
  93  6:36  Spore Crawler, Drone x3  
  93  6:37  Spine Crawler  
  93  6:39  Grooved Spines  
  94  6:40  Drone  
  94  6:52  Drone x2, Roach  
  94  6:53  Roach  
  100  6:56  Queen, Drone  
  100  6:57  Drone  
  100  7:00  Extractor  
  103  7:02  Zerg Missile Weapons Level 2  
  103  7:04  Zerg Ground Armor Level 2  
  103  7:09  Overseer  
  103  7:28  Spore Crawler  
  103  7:29  Spore Crawler  
  100  7:31  Overlord x3, Drone x4  
  100  7:32  Overlord x3  
  104  7:46  Queen  
  104  7:47  Drone x3  
  104  7:48  Drone  
  104  7:49  Drone  
  111  7:53  Hydralisk x4  
  111  7:54  Hydralisk  
  111  7:57  Drone x2  
  123  8:00  Extractor  
  122  8:21  Hydralisk x3  
  122  8:22  Hydralisk x4  
  135  8:34  Roach x3  
  135  8:35  Roach  
  135  8:41  Roach  
  135  8:42  Roach  
  135  8:46  Hydralisk  
  119  9:13  Extractor  
  116  9:20  Infestation Pit  
  116  9:21  Zerg Melee Weapons Level 1, Hydralisk  
  116  9:22  Hydralisk  
  119  9:43  Hydralisk x5  
  119  9:44  Zergling x2  
  119  9:45  Zergling x22  
  141  9:46  Drone x6  
  141  9:50  Extractor x2  
  145  9:55  Queen  
  121  10:21  Roach x10  
  113  10:22  Roach x6  
  133  10:31  Centrifugal Hooks  
  133  10:34  Baneling  
  133  10:35  Baneling x3  
  133  10:50  Hive  
  124  11:04  Roach x5  
  124  11:05  Roach x2  
  124  11:09  Hydralisk x3  
  124  11:10  Zergling x2  
  143  11:11  Zergling x2  
  143  11:29  Hatchery  
  142  11:34  Overlord x5  
  142  11:35  Overlord x2  
  142  11:36  Hatchery  
  142  11:37  Pathogen Glands  
  141  11:48  Baneling  
  141  11:49  Baneling x3, Hydralisk  
  143  11:55  Hydralisk x8  
  143  11:56  Hydralisk x5  
  143  11:57  Hydralisk x2  
  143  11:58  Zergling x2  
  143  11:59  Zergling x4  
  152  12:19  Roach x6  
  152  12:20  Roach x4  
  152  12:29  Zergling x2  
  147  12:30  Zergling x4  
  147  12:34  Baneling x6  
  137  12:53  Roach  
  137  12:54  Roach x11  
  137  12:57  Baneling  
  137  12:58  Baneling x5  
  155  13:08  Zerg Missile Weapons Level 3  
  155  13:09  Zerg Ground Armor Level 3  
  155  13:13  Roach x8  
  171  13:20  Queen  
  173  13:33  Roach  
  173  13:34  Roach x8  
  181  14:02  Roach  
  127  14:03  Roach x12  
  135  14:11  Zergling x2  
  135  14:12  Zergling x10  
  139  14:18  Zergling x8  
  136  14:33  Hydralisk  
  136  14:36  Hydralisk x4  
  140  14:40  Baneling  
  140  14:41  Baneling x7  
  132  15:06  Hydralisk x7  
  120  15:14  Lurker Den  
  120  15:16  Drone x3  
  112  16:00  Roach  
  112  16:01  Roach x15  
  143  16:09  Hydralisk x2  
  101  16:36  Zergling x2, Roach  
  101  16:37  Zergling x14  
  107  16:44  Hatchery  
  106  16:50  Seismic Spines  
  106  16:53  Lurker  
  107  16:58  Lurker  
  106  17:02  Lurker  
  106  17:03  Hydralisk x2, Lurker  
  112  17:08  Hydralisk  
  109  17:22  Hydralisk x2  
  80  17:23  Hydralisk x2  
  84  17:30  Baneling x8  
  84  17:36  Hydralisk  
Tags
 
Add a new tag
Caveats
  • Supply blocks, unpowered buildings, or Contaminate may cause inaccurate times.
  • Supply counts are checked every 10 seconds.